[Event "Titled Tuesday Blitz October 11 Early 2022"]
[White "Machidon, Cristi"]
[Black "Amgalantengis, Enkh-Amgalan"]
[WhiteFideId "13904590"]
[BlackFideId "4903536"]
[WhiteElo "2312"]
[BlackElo "1772"]
[Result "1-0"]
[Round "07"]
[TimeControl "180+1"]
[Date "2022.10.12"]
[WhiteClock "0:00:40"]
[BlackClock "0:00:39"]

1. d4 d5 2. c4 c6 3. Nc3 Nf6 4. Nf3 e6 5. Bg5 h6 6. Bxf6 Qxf6 7. e3 Nd7 8. Qc2 g6 9. Be2 dxc4 10. Bxc4 Bg7 11. Ne4 Qe7 12. O-O O-O 13. Rab1 e5 14. d5 cxd5 15. Bxd5 Nb6 16. Nc3 Rd8 17. e4 Be6 18. Bxe6 Qxe6 19. Rfd1 Bf6 20. Nd2 Rd7 21. Nb3 Be7 22. Rxd7 Qxd7 23. Rd1 Qe6 24. Na5 Nc4 25. Nxc4 Qxc4 26. Qd3 Qxd3 27. Rxd3 Rd8 28. Nd5 Bc5 29. Nf6+ Kg7 30. Nh5+ gxh5 31. Rxd8 Bd4 32. b3 a5 33. Kf1 Kf6 34. Rd6+ Kg5 35. Ke2 b6 36. g3 Bc5 37. Rc6 f6 38. h4+ Kg6 39. Rxc5 bxc5 40. Kd3 f5 41. f3 Kf6 42. Kc4 f4 43. gxf4 exf4 44. Kxc5 Ke5 45. a3 Ke6 46. b4 axb4 47. axb4 Kd7 48. b5 Kc7 49. e5 Kd7 50. b6 Kc8 51. e6 Kb7 52. e7 Ka6 53. e8=Q Kb7 54. Qc6+ Ka6 55. Qa8# 1-0


[Site "https://www.chess.com"]

[Event "Titled Tuesday Blitz October 11 Early 2022"]
[White "Makhnev, Denis"]
[Black "Nakamura, Hikaru"]
[WhiteFideId "13707647"]
[BlackFideId "2016192"]
[WhiteElo "2486"]
[BlackElo "2909"]
[Result "0-1"]
[Round "07"]
[TimeControl "180+1"]
[Date "2022.10.11"]
[WhiteClock "0:00:01"]
[BlackClock "0:00:05"]

1. d4 f5 2. g3 Nf6 3. Bg2 g6 4. Nh3 d6 5. d5 c6 6. Nf4 cxd5 7. Nxd5 Nxd5 8. Bxd5 Bg7 9. O-O Nd7 10. Nc3 Nb6 11. Bg2 O-O 12. Nd5 Nxd5 13. Qxd5+ e6 14. Qb3 d5 15. Rd1 Qb6 16. c4 d4 17. e3 dxe3 18. Bxe3 Qxb3 19. axb3 Bxb2 20. Rxa7 Rxa7 21. Bxa7 Ba3 22. c5 e5 23. Rd6 Kg7 24. Bd5 Rf6 25. Rd8 Rf8 26. Rxf8 Kxf8 27. Kf1 e4 28. Ke2 Ke7 29. f3 exf3+ 30. Bxf3 Be6 31. Bxb7 Bxb3 32. Kd3 Be6 33. Bb6 g5 34. c6 Bd5 35. Kd4 Bh1 36. Bc5+ Bxc5+ 37. Kxc5 f4 38. g4 Bf3 39. h3 Bg2 40. Kb6 Bxh3 41. Bc8 f3 42. c7 f2 43. Bf5 f1=Q 44. c8=Q Qf2+ 45. Ka5 Qd2+ 46. Kb6 Qd6+ 47. Kb5 Bf1+ 48. Ka4 Bg2 49. Qc3 Qc6+ 50. Kb4 Qxc3+ 51. Kxc3 h6 52. Kd4 Kf6 53. Ke3 h5 54. Kf2 Bc6 55. Kg3 h4+ 56. Kf2 Ke5 57. Ke3 h3 58. Kf2 h2 0-1


[Site "https://www.chess.com"]

[Event "Titled Tuesday Blitz October 11 Early 2022"]
[White "Malek, Jan"]
[Black "Duda, Jan-Krzysztof"]
[WhiteFideId "21864080"]
[BlackFideId "1170546"]
[WhiteElo "2255"]
[BlackElo "2779"]
[Result "0-1"]
[Round "07"]
[TimeControl "180+1"]
[Date "2022.10.11"]
[WhiteClock "0:00:02"]
[BlackClock "0:00:10"]

1. e4 e5 2. Nf3 Nc6 3. Bb5 a6 4. Ba4 Nf6 5. O-O Be7 6. Re1 b5 7. Bb3 O-O 8. c3 Na5 9. Bc2 d5 10. d4 dxe4 11. Nxe5 Bb7 12. Be3 c5 13. Nd2 Re8 14. Qb1 Bf8 15. Nf1 Qc7 16. Ng3 cxd4 17. cxd4 Rac8 18. Re2 Nc4 19. Nxc4 Qxc4 20. Bb3 Qc7 21. h3 h6 22. a4 b4 23. Qa2 a5 24. Rae1 Qd7 25. Bc4 Bd5 26. Bxd5 Nxd5 27. Bd2 Nf6 28. Nxe4 Nxe4 29. Rxe4 Rxe4 30. Rxe4 Rc2 31. Be3 Qb7 32. d5 b3 33. Qb1 Qxd5 34. Rd4 Qe5 35. Rd3 Rxb2 36. Qd1 Ra2 37. Qxb3 Ra3 38. Qd1 Ra1 0-1


[Site "https://www.chess.com"]

[Event "Titled Tuesday Blitz October 11 Early 2022"]
[White "Mamedov, Rauf"]
[Black "Lazavik, Denis"]
[WhiteFideId "13401653"]
[BlackFideId "13515110"]
[WhiteElo "2650"]
[BlackElo "2437"]
[Result "0-1"]
[Round "07"]
[TimeControl "180+1"]
[Date "2022.10.11"]
[WhiteClock "0:00:25"]
[BlackClock "0:01:21"]

1. e4 e5 2. Nf3 Nc6 3. d4 exd4 4. Bc4 Nf6 5. e5 d5 6. Bb5 Ne4 7. Nxd4 Bd7 8. Bxc6 bxc6 9. O-O Bc5 10. Be3 Qe7 11. f4 Bb6 12. Nc3 Nxc3 13. bxc3 O-O 14. Qd2 f6 15. exf6 Qxf6 16. a4 a5 17. Nf3 Qxf4 18. Nd4 Qe4 19. Rfe1 Qg6 20. Rab1 Rae8 21. Bf2 h6 22. Rxe8 Rxe8 23. Nf3 Bg4 24. Nh4 Qf6 25. h3 Re2 0-1


[Site "https://www.chess.com"]

[Event "Titled Tuesday Blitz October 11 Early 2022"]
[White "Martin Carmona, Gaston Manuel"]
[Black "Arabidze, Meri"]
[WhiteFideId "22284567"]
[BlackFideId "13604040"]
[WhiteElo "2235"]
[BlackElo "2403"]
[Result "0-1"]
[Round "07"]
[TimeControl "180+1"]
[Date "2022.10.12"]
[WhiteClock "0:00:06"]
[BlackClock "0:00:30"]

1. d4 d5 2. c4 dxc4 3. Nf3 Nf6 4. Qa4+ c6 5. Qxc4 b5 6. Qc2 Bb7 7. a4 Nbd7 8. e4 e6 9. e5 Nd5 10. axb5 cxb5 11. Bxb5 Bb4+ 12. Bd2 O-O 13. O-O Rc8 14. Nc3 a5 15. Qd3 Be7 16. Ne4 Nb4 17. Bxb4 axb4 18. Rfc1 Rxc1+ 19. Rxc1 h6 20. Bc6 Bxc6 21. Rxc6 Qa8 22. Qc4 Nb6 23. Qc1 Nd5 24. h3 Nc3 25. bxc3 Qxc6 26. Nc5 bxc3 27. Qxc3 Rc8 28. Qd3 Bxc5 29. dxc5 Qxc5 30. Qe4 Qd5 31. Qf4 Rc4 32. Qe3 Rc2 33. Qa3 Rc8 34. Qe3 Rd8 35. Kh2 Qd3 36. Qf4 Qf5 37. Qg3 Rd3 38. h4 Ra3 39. Kg1 Ra1+ 40. Kh2 Ra4 41. Kg1 Rg4 42. Qh3 Rg6 43. Qh2 Qxf3 0-1


[Site "https://www.chess.com"]

[Event "Titled Tuesday Blitz October 11 Early 2022"]
[White "Martinez Alcantara, Jose Eduardo"]
[Black "Gabdrakhmanov, Azat"]
[WhiteFideId "3805662"]
[BlackFideId "34189197"]
[WhiteElo "2703"]
[BlackElo "2233"]
[Result "1-0"]
[Round "07"]
[TimeControl "180+1"]
[Date "2022.10.11"]
[WhiteClock "0:00:44"]
[BlackClock "0:00:10"]

1. e4 c5 2. Nf3 e6 3. c3 d5 4. exd5 Qxd5 5. d4 Nf6 6. Be3 cxd4 7. cxd4 Nc6 8. Nc3 Qd6 9. Bc4 Be7 10. O-O O-O 11. Rc1 Bd7 12. a3 Rac8 13. Qe2 Ng4 14. Ba2 Qb8 15. d5 exd5 16. Nxd5 Bd6 17. h3 Nxe3 18. Qxe3 Be6 19. Rcd1 Rfe8 20. Qg5 Kh8 21. Qh5 g6 22. Qh4 Bf8 23. Ng5 h6 24. Rfe1 Ne5 25. Nxe6 Rxe6 26. f4 Nc6 27. Rxe6 fxe6 28. Qf6+ Bg7 29. Qxe6 Re8 30. Qxg6 Nd4 31. Bb1 Kg8 32. Nf6+ 1-0


[Site "https://www.chess.com"]

[Event "Titled Tuesday Blitz October 11 Early 2022"]
[White "Matveeva, Olga"]
[Black "Devaev, Alexander"]
[WhiteFideId "24107018"]
[BlackFideId "4169395"]
[WhiteElo "2055"]
[BlackElo "2225"]
[Result "1-0"]
[Round "07"]
[TimeControl "180+1"]
[Date "2022.10.12"]
[WhiteClock "0:00:11"]
[BlackClock "0:01:03"]

1. d4 Nf6 2. c4 e6 3. g3 c5 4. d5 exd5 5. cxd5 d6 6. Nc3 g6 7. Nf3 Bg7 8. Bg2 O-O 9. O-O Na6 10. Bf4 Re8 11. Nd2 Nh5 12. Be3 Rxe3 13. fxe3 Qe7 14. e4 Nf6 15. e3 Ng4 16. Qf3 Nxe3 17. Rf2 Ng4 18. Re2 Nb4 19. Nc4 Ne5 20. Nxe5 Bxe5 21. a3 Na6 22. Rf1 Bd7 23. h4 h5 24. Kh1 Bg4 25. Qf2 Bxe2 26. Nxe2 Nb8 27. b4 b6 28. Bh3 cxb4 29. axb4 a5 30. Qxb6 a4 31. Nd4 a3 32. Nc6 Nxc6 33. dxc6 d5 34. exd5 a2 35. Qb7 Qxb7 36. cxb7 Rb8 37. Bc8 a1=Q 38. Rxa1 Bxa1 39. d6 Bf6 40. d7 Bd8 41. Kg2 Kg7 42. Kf3 Kf6 43. Ke4 Ke6 44. b5 Bc7 45. Kf3 f5 46. d8=Q+ Kf7 47. Qxc7+ 1-0


[Site "https://www.chess.com"]

[Event "Titled Tuesday Blitz October 11 Early 2022"]
[White "Melikhov, Evgeny V."]
[Black "Johnson, Ben"]
[WhiteFideId "4122046"]
[BlackFideId "2010917"]
[WhiteElo "2169"]
[BlackElo "2206"]
[Result "0-1"]
[Round "07"]
[TimeControl "180+1"]
[Date "2022.10.12"]
[WhiteClock "0:00:18"]
[BlackClock "0:00:49"]

1. d4 Nf6 2. c4 e6 3. Nc3 Bb4 4. f3 d5 5. a3 Bxc3+ 6. bxc3 c5 7. cxd5 Nxd5 8. e4 Nxc3 9. Qb3 cxd4 10. Bb2 Qb6 11. Qxb6 axb6 12. Ne2 Nxe2 13. Bxe2 e5 14. f4 f6 15. fxe5 fxe5 16. O-O Be6 17. Rab1 Nd7 18. Rbc1 Nc5 19. Bb5+ Ke7 20. Rce1 Rhf8 21. h3 Rxf1+ 22. Kxf1 Rf8+ 23. Ke2 Nxe4 24. Kd1 Nf2+ 25. Kc2 Rc8+ 26. Kb1 Bf5+ 27. Ka2 Kf6 28. g4 Be6+ 29. Kb1 Nxh3 30. Rf1+ Nf4 31. Bxd4 g5 32. Re1 exd4 0-1


[Site "https://www.chess.com"]

[Event "Titled Tuesday Blitz October 11 Early 2022"]
[White "Mirzoev, Azer"]
[Black "Siva Mahadevan"]
[WhiteFideId "13400304"]
[BlackFideId "25043153"]
[WhiteElo "2525"]
[BlackElo "2249"]
[Result "0-1"]
[Round "07"]
[TimeControl "180+1"]
[Date "2022.10.11"]
[WhiteClock "0:00:01"]
[BlackClock "0:00:33"]

1. d4 Nf6 2. Nf3 g6 3. Bg5 Bg7 4. Nbd2 O-O 5. c3 d6 6. e4 h6 7. Bh4 c5 8. dxc5 dxc5 9. Be2 Nc6 10. O-O Nh5 11. Qc2 Qc7 12. Rfe1 b6 13. Nf1 g5 14. N3d2 Nf4 15. Bg3 Bb7 16. Ne3 e6 17. Bf1 Rad8 18. Ndc4 b5 19. Nd2 c4 20. a4 a6 21. Nf3 Ne7 22. h4 gxh4 23. Nxh4 Neg6 24. Nxg6 fxg6 25. axb5 axb5 26. Ra7 Qb6 27. Rea1 Nd3 28. Bxd3 Rxd3 29. Qe2 h5 30. Bh4 Bh6 31. Nf1 Rf4 32. Bg3 Rxe4 33. Qc2 Rg4 34. Qe2 Qc6 35. Rxb7 Qxb7 36. Qxe6+ Kh7 37. Ra6 Qd7 38. Qb6 Qf5 39. Ra7+ Rd7 0-1


[Site "https://www.chess.com"]

[Event "Titled Tuesday Blitz October 11 Early 2022"]
[White "Mohammadian, Mohammad"]
[Black "Smietanska, Wiktoria"]
[WhiteFideId "12566055"]
[BlackFideId "21869359"]
[WhiteElo "1489"]
[BlackElo "1854"]
[Result "0-1"]
[Round "07"]
[TimeControl "180+1"]
[Date "2022.10.12"]
[WhiteClock "0:00:07"]
[BlackClock "0:00:25"]

1. e4 c5 2. Nf3 d6 3. d4 cxd4 4. Nxd4 Nf6 5. Nc3 a6 6. Be2 e5 7. Nb3 Be7 8. Be3 O-O 9. O-O Be6 10. f4 Nc6 11. f5 Bd7 12. Bd3 b5 13. a3 Qc8 14. Qe1 Qb7 15. Qf2 Ng4 16. Qf3 Nxe3 17. Qxe3 a5 18. Nd5 Bd8 19. c3 f6 20. Nd2 Ne7 21. Nxe7+ Bxe7 22. Kh1 Bc6 23. Nf3 d5 24. exd5 Bxd5 25. Qf2 e4 26. Nd4 exd3 27. Rad1 Bc5 28. Qg3 Rf7 29. Rfe1 Bxd4 30. cxd4 Bc4 31. Re3 Rd8 32. Rde1 Qd7 33. Qf3 d2 34. Rd1 Qxd4 35. h3 a4 36. Qg3 Bb3 37. Rxb3 axb3 38. Qxb3 Qe5 39. Qf3 Qxb2 40. Kh2 Re7 41. Qc6 Qe5+ 0-1


[Site "https://www.chess.com"]

[Event "Titled Tuesday Blitz October 11 Early 2022"]
[White "Molina, Roberto Junio Brito"]
[Black "Vachylia, Andrii"]
[WhiteFideId "2109450"]
[BlackFideId "14137224"]
[WhiteElo "2388"]
[BlackElo "2318"]
[Result "0-1"]
[Round "07"]
[TimeControl "180+1"]
[Date "2022.10.11"]
[WhiteClock "0:00:02"]
[BlackClock "0:00:03"]

1. d4 Nf6 2. Nf3 e6 3. e3 Be7 4. Bd3 O-O 5. O-O d5 6. b3 c5 7. Bb2 Nc6 8. Nbd2 b6 9. a3 Bb7 10. Qe2 Rc8 11. Ne5 Nd7 12. f4 g6 13. Rfd1 Bf6 14. c4 Bg7 15. Rac1 Re8 16. Ndf3 Na5 17. Nd2 Nxe5 18. dxe5 Qe7 19. Bc3 Nc6 20. Nf3 Red8 21. cxd5 exd5 22. Bb5 Nb8 23. Rd2 a6 24. Bd3 b5 25. b4 d4 26. exd4 cxd4 27. Bb2 Rxc1+ 28. Bxc1 Nd7 29. Bb2 Bxf3 30. Qxf3 Nb6 31. Qe4 f5 32. Qc6 Nd5 33. g3 Ne3 34. Be2 Qa7 35. Kh1 Kh8 36. h4 a5 37. Qxb5 axb4 38. axb4 Bf8 39. Kh2 h6 40. e6 Bg7 41. Bf3 Qe7 42. Qd3 Qxe6 43. Re2 Qb6 44. b5 Rc8 45. Bc6 Rf8 46. Kg1 Qc5 47. Kf2 Ng4+ 48. Ke1 Rc8 49. Kd1 Qb4 50. Rd2 Ne3+ 51. Ke2 Qc5 52. Bxd4 Bxd4 53. Qxd4+ Qxd4 54. Rxd4 Ng4 55. Rd6 Kg7 56. Kd3 Nf6 57. Kd4 Kf7 58. Kc5 Ke7 59. Rd4 Ke6 60. Kc4 Ne4 0-1


[Site "https://www.chess.com"]

[Event "Titled Tuesday Blitz October 11 Early 2022"]
[White "Mrudul Dehankar"]
[Black "Karavade, Eesha"]
[WhiteFideId "25096990"]
[BlackFideId "5012600"]
[WhiteElo "2068"]
[BlackElo "2258"]
[Result "1-0"]
[Round "07"]
[TimeControl "180+1"]
[Date "2022.10.12"]
[WhiteClock "0:00:11"]
[BlackClock "0:00:12"]

1. e4 c5 2. Nf3 d6 3. d4 cxd4 4. Nxd4 Nf6 5. Nc3 a6 6. Bg5 e6 7. f4 Qc7 8. Qf3 Nbd7 9. O-O-O Be7 10. g4 b5 11. Bxf6 gxf6 12. a3 Bb7 13. f5 e5 14. Nb3 Nc5 15. Kb1 Rc8 16. Nd5 Bxd5 17. exd5 Nxb3 18. cxb3 Qc2+ 19. Ka2 Bf8 20. Bd3 Qc7 21. h4 Rg8 22. g5 Be7 23. Qh5 fxg5 24. Qxh7 Rf8 25. f6 Bxf6 26. Rdf1 Bh8 27. hxg5 Qe7 28. g6 fxg6 29. Rxf8+ Qxf8 30. Bxg6+ Kd8 31. Qxh8 Qxh8 32. Rxh8+ Kc7 33. Rxc8+ Kxc8 34. Kb1 Kc7 35. Kc2 Kb6 36. Kd3 a5 37. b4 axb4 38. axb4 Kc7 39. Ke4 Kd7 40. Bf7 Ke7 41. Be6 Kd8 42. Kf5 Kc7 43. Kf6 e4 44. Bg4 e3 45. Kf5 1-0


[Site "https://www.chess.com"]

[Event "Titled Tuesday Blitz October 11 Early 2022"]
[White "Munkhgal, Gombosuren"]
[Black "Sohier, Julien"]
[WhiteFideId "4901266"]
[BlackFideId "645346"]
[WhiteElo "2576"]
[BlackElo "2209"]
[Result "1-0"]
[Round "07"]
[TimeControl "180+1"]
[Date "2022.10.12"]
[WhiteClock "0:02:47"]
[BlackClock "0:01:51"]

1. d4 d5 2. Bf4 c5 3. e3 Nc6 4. c3 e6 5. Nd2 Bd6 6. Bg3 b6 7. Ngf3 Bb7 8. Bd3 Nf6 9. e4 dxe4 10. Nxe4 Nxe4 11. Bxe4 O-O 12. dxc5 Bxc5 13. Qa4 Na5 14. Rd1 Qe8 15. Bxh7+ Kxh7 16. Qh4+ Kg8 17. Ng5 1-0


[Site "https://www.chess.com"]

[Event "Titled Tuesday Blitz October 11 Early 2022"]
[White "Nozdrachev, Leonid"]
[Black "Seletsky, Grigory"]
[WhiteFideId "24113433"]
[BlackFideId "14112191"]
[WhiteElo "2249"]
[BlackElo "2492"]
[Result "1-0"]
[Round "07"]
[TimeControl "180+1"]
[Date "2022.10.12"]
[WhiteClock "0:01:34"]
[BlackClock "0:01:04"]

1. e4 e6 2. d4 d5 3. exd5 exd5 4. Nf3 Bd6 5. Bd3 Nf6 6. Qe2+ Qe7 7. Qxe7+ Kxe7 8. O-O Re8 9. Bg5 Nd7 10. c4 c6 11. cxd5 cxd5 12. Nc3 Kf8 13. Nb5 Bb8 14. Bd2 a6 15. Bb4+ Kg8 16. Nd6 Bxd6 17. Bxd6 Nf8 18. Rfe1 Be6 19. Ne5 N6d7 20. f3 Rac8 21. Kf2 f6 22. Nxd7 Bxd7 23. Rxe8 Rxe8 24. Rc1 Rc8 25. Rc5 Be6 26. Ke3 b6 27. Rc3 Rxc3 28. bxc3 b5 29. a4 Bd7 30. a5 Kf7 31. Bxf8 Kxf8 32. Bxh7 Kf7 33. Bd3 Be6 34. h4 Bd7 35. Kf4 Ke7 36. Bf5 Be6 37. Bxe6 Kxe6 38. g4 g6 39. h5 g5+ 40. Ke3 Kf7 41. Kd3 f5 42. Kc2 1-0


[Site "https://www.chess.com"]

[Event "Titled Tuesday Blitz October 11 Early 2022"]
[White "Ohanyan, Emin"]
[Black "Aloma Vidal, Robert"]
[WhiteFideId "13312022"]
[BlackFideId "2260409"]
[WhiteElo "2302"]
[BlackElo "2435"]
[Result "1-0"]
[Round "07"]
[TimeControl "180+1"]
[Date "2022.10.11"]
[WhiteClock "0:00:05"]
[BlackClock "0:00:12"]

1. e4 e5 2. Nc3 Nf6 3. Bc4 Nxe4 4. Qh5 Nd6 5. Bb3 Be7 6. Nf3 Nc6 7. Nxe5 Nxe5 8. Qxe5 O-O 9. O-O Bf6 10. Qg3 Nf5 11. Qd3 d6 12. Nd5 Be5 13. c3 c6 14. Ne3 Qh4 15. g3 Qh3 16. Qe4 Re8 17. Qg2 Nxe3 18. fxe3 Qxg2+ 19. Kxg2 d5 20. e4 Bf6 21. exd5 Re2+ 22. Kf3 Rxh2 23. d4 h5 24. dxc6 Bg4+ 25. Ke4 bxc6 26. Bf4 Re8+ 27. Be5 Re7 28. Rae1 Rxb2 29. Kd3 Bxe5 30. dxe5 Rd7+ 31. Ke3 Re7 32. Kd4 Rd2+ 33. Kc5 Be6 34. c4 Rc7 35. Rd1 Rxd1 36. Rxd1 Kh7 37. Rd8 Kg6 38. Kd6 Rb7 39. Kxc6 Rb6+ 40. Kc7 Kf5 41. c5 Ra6 42. c6 Kxe5 43. Rd2 Rb6 44. Re2+ Kf6 45. Rd2 Bxb3 46. axb3 Rxb3 47. Kd7 Rxg3 48. c7 Rc3 49. Rd6+ Kg5 50. Rc6 Rd3+ 51. Ke7 Re3+ 52. Kxf7 1-0


[Site "https://www.chess.com"]

[Event "Titled Tuesday Blitz October 11 Early 2022"]
[White "Omariev, Maksim"]
[Black "Samant Aditya S"]
[WhiteFideId "4193423"]
[BlackFideId "35080580"]
[WhiteElo "2435"]
[BlackElo "2367"]
[Result "0-1"]
[Round "07"]
[TimeControl "180+1"]
[Date "2022.10.12"]
[WhiteClock "0:00:02"]
[BlackClock "0:00:14"]

1. g4 e5 2. Bg2 Nc6 3. c4 Bc5 4. Nc3 d6 5. h3 Nge7 6. e3 O-O 7. Nge2 f5 8. d4 Bb6 9. Na4 Ba5+ 10. Bd2 f4 11. exf4 exf4 12. Bd5+ Nxd5 13. cxd5 f3 14. dxc6 Bxd2+ 15. Kxd2 Qg5+ 16. Ke1 Re8 17. Qb3+ Be6 18. Qxf3 Bd5 19. Qg3 Bxh1 20. Nc3 Bxc6 21. f4 Qe7 22. d5 Bxd5 23. Qd3 Bc6 24. Kf2 Qh4+ 25. Ng3 Qxh3 26. Nd5 Qxg4 27. Rg1 Bxd5 28. Qxd5+ Qe6 29. Qd3 Qf6 30. Nh5 Qh4+ 31. Rg3 Qxh5 32. Qb3+ Kh8 33. Qxb7 Re2+ 0-1


[Site "https://www.chess.com"]

[Event "Titled Tuesday Blitz October 11 Early 2022"]
[White "Ovchinnikov, Vsevolod"]
[Black "Mikhailovsky, Vladimir"]
[WhiteFideId "24176842"]
[BlackFideId "34105414"]
[WhiteElo "2376"]
[BlackElo "2297"]
[Result "1-0"]
[Round "07"]
[TimeControl "180+1"]
[Date "2022.10.12"]
[WhiteClock "0:00:09"]
[BlackClock "0:00:02"]

1. d4 d6 2. Nf3 Nf6 3. b3 g6 4. Bb2 Bg7 5. g3 O-O 6. Bg2 Bf5 7. Nbd2 c6 8. Nh4 Bc8 9. O-O d5 10. c4 Be6 11. Qc2 Nbd7 12. Rad1 Qa5 13. Bc3 Qa3 14. h3 Rfd8 15. g4 Rac8 16. c5 Ne4 17. Nxe4 dxe4 18. Bxe4 Nf6 19. Bg2 Nd5 20. e3 b6 21. Bb2 Qxa2 22. Ra1 Nb4 23. Qd2 Qxb3 24. Ra3 Qc4 25. Rc1 Qb5 26. Bf1 Qxc5 27. Rxc5 bxc5 28. Rxa7 Nd5 29. Nf3 cxd4 30. Bxd4 Nc7 31. Qc1 Nb5 32. Ra4 Nd6 33. Bxg7 Kxg7 34. Ra6 Kg8 35. Rxc6 Rb8 36. Rc7 Bd5 37. Nd4 Be4 38. Rxe7 Rb1 39. Qc7 Nb7 40. Rxe4 Rc1 41. Qxb7 Rdc8 42. Rf4 R1c7 43. Qd5 Rd8 44. Qxd8+ 1-0


[Site "https://www.chess.com"]

[Event "Titled Tuesday Blitz October 11 Early 2022"]
[White "Ozen, Bahadir"]
[Black "Tania, Sachdev"]
[WhiteFideId "6337058"]
[BlackFideId "5007844"]
[WhiteElo "2503"]
[BlackElo "2306"]
[Result "1/2-1/2"]
[Round "07"]
[TimeControl "180+1"]
[Date "2022.10.12"]
[WhiteClock "0:00:04"]
[BlackClock "0:00:17"]

1. g3 d5 2. Nf3 Nf6 3. Bg2 c5 4. O-O Nc6 5. d4 cxd4 6. Nxd4 e6 7. c4 Be7 8. cxd5 Nxd5 9. Nc3 O-O 10. Nxd5 exd5 11. Be3 Ne5 12. b3 Ng4 13. Bf4 Nf6 14. Rc1 Bd6 15. Bxd6 Qxd6 16. Qc2 Be6 17. Qc7 Qa6 18. a4 Rac8 19. Qf4 h6 20. Rxc8 Rxc8 21. Rc1 Rxc1+ 22. Qxc1 Qb6 23. e3 Ne4 24. f3 Nd6 25. g4 Qb4 26. Kf2 b5 27. axb5 Nxb5 28. Nxb5 Qxb5 29. Qc3 a5 30. Bf1 Qb6 31. Bd3 d4 32. exd4 Qxb3 33. Qxb3 Bxb3 34. Ke3 a4 35. Kd2 a3 36. Kc3 a2 37. Kb2 g5 38. Be4 Kf8 39. Ka1 Ke7 40. Kb2 Kd6 41. Ka1 Bd5 42. Kb2 f6 43. Ka1 Be6 44. Kb2 Bd5 45. Ka1 Kc6 46. Kb2 Kd6 1/2-1/2


[Site "https://www.chess.com"]

[Event "Titled Tuesday Blitz October 11 Early 2022"]
[White "Pakleza, Zbigniew"]
[Black "Bluebaum, Matthias"]
[WhiteFideId "1119290"]
[BlackFideId "24651516"]
[WhiteElo "2411"]
[BlackElo "2633"]
[Result "1-0"]
[Round "07"]
[TimeControl "180+1"]
[Date "2022.10.11"]
[WhiteClock "0:00:14"]
[BlackClock "0:00:03"]

1. d4 Nf6 2. Nf3 d5 3. Bf4 c5 4. c3 Nc6 5. Nbd2 Bf5 6. Qb3 Qc8 7. e3 e6 8. Nh4 Be4 9. Nxe4 dxe4 10. g3 Be7 11. Bg5 h6 12. Bxf6 Bxf6 13. Ng2 O-O 14. Rd1 Rd8 15. Be2 a6 16. O-O b5 17. dxc5 Be7 18. Qc2 f5 19. b4 e5 20. Qb3+ Kh8 21. Bh5 Rf8 22. Rd2 a5 23. a3 axb4 24. axb4 Ra4 25. Be2 Qa6 26. Qe6 Ra3 27. c4 bxc4 28. Bxc4 Qb7 29. b5 Nb4 30. Rd7 Qc8 31. Qxe7 Rg8 32. Bxg8 Qf8 33. Qxf8 g5 34. Qg7# 1-0


[Site "https://www.chess.com"]

[Event "Titled Tuesday Blitz October 11 Early 2022"]
[White "Papasimakopoulos, Alexandros"]
[Black "Azadaliyev, Jahandar"]
[WhiteFideId "4244125"]
[BlackFideId "13425811"]
[WhiteElo "2357"]
[BlackElo "2204"]
[Result "1-0"]
[Round "07"]
[TimeControl "180+1"]
[Date "2022.10.12"]
[WhiteClock "0:01:51"]
[BlackClock "0:01:47"]

1. d4 Nf6 2. c4 e6 3. Nc3 Bb4 4. Qc2 O-O 5. a3 Bxc3+ 6. Qxc3 d5 7. Nf3 h6 8. Bf4 Nbd7 9. e3 b6 10. b4 Bb7 11. c5 Ne4 12. Qc2 c6 13. Bd3 f5 14. Ne5 Nxe5 15. Bxe5 b5 16. a4 a5 17. axb5 axb4 18. O-O b3 19. Qb2 Qd7 20. f3 Nf6 21. Qxb3 cxb5 22. Bxb5 Bc6 23. Bd3 Qf7 24. Qb6 Rac8 25. Ra7 Nd7 26. Qa5 Qh5 27. Bd6 Rf6 28. Ba6 Re8 29. Bb5 Bxb5 30. Qxb5 Nf8 31. Be5 Rg6 32. Qxe8 1-0


[Site "https://www.chess.com"]

[Event "Titled Tuesday Blitz October 11 Early 2022"]
[White "Parpiev, Isaak"]
[Black "Tiarks, Jann-Christian"]
[WhiteFideId "34281576"]
[BlackFideId "12951595"]
[WhiteElo "2100"]
[BlackElo "2194"]
[Result "0-1"]
[Round "07"]
[TimeControl "180+1"]
[Date "2022.10.12"]
[WhiteClock "0:00:01"]
[BlackClock "0:00:08"]

1. d4 d5 2. c4 e6 3. Nc3 Nf6 4. Nf3 Be7 5. Bg5 O-O 6. e3 b6 7. Bd3 dxc4 8. Bxc4 Bb7 9. O-O Nbd7 10. Rc1 c5 11. a3 Ne4 12. Nxe4 Bxe4 13. Bxe7 Qxe7 14. Nd2 Bb7 15. dxc5 Nxc5 16. b4 Nd7 17. Nf3 Rac8 18. Re1 Rfd8 19. Nd4 Ne5 20. Bf1 Nc6 21. Nxc6 Bxc6 22. Qg4 Bb7 23. h3 Qf6 24. Qg3 Rc3 25. Red1 Rxd1 26. Rxd1 Rc8 27. Rd7 Bd5 28. Rxa7 Qa1 29. Rc7 Rf8 30. Qd6 b5 31. Rd7 g6 32. Rd8 Rxd8 33. Qxd8+ Kg7 34. Qd7 Qxa3 35. Qxb5 Qc1 36. Qd3 h5 37. e4 Bb7 38. b5 Qb2 39. Qd7 Bxe4 40. Qd6 Bd5 41. b6 Qb1 42. Qe5+ Kg8 43. Qd4 Kh7 44. h4 Kg8 45. f3 Kh7 46. Kf2 Qa2+ 47. Kg3 Qb1 48. Bd3 Qb3 49. Kh2 Kg8 0-1


[Site "https://www.chess.com"]

[Event "Titled Tuesday Blitz October 11 Early 2022"]
[White "Pimpalkhare, Vedant"]
[Black "Zilleruelo Irizarry, Diego"]
[WhiteFideId "25048236"]
[BlackFideId "3101460"]
[WhiteElo "2182"]
[BlackElo "1998"]
[Result "1-0"]
[Round "07"]
[TimeControl "180+1"]
[Date "2022.10.12"]
[WhiteClock "0:01:07"]
[BlackClock "0:00:02"]

1. d4 d5 2. Nf3 Nf6 3. g3 e6 4. Bg2 Be7 5. O-O O-O 6. c4 c6 7. Nbd2 b6 8. Qc2 Ba6 9. b3 Nbd7 10. e4 c5 11. exd5 exd5 12. Rd1 Rc8 13. dxc5 Bxc5 14. Bb2 dxc4 15. bxc4 Re8 16. Nb3 Qc7 17. Ng5 h6 18. Ne4 Nxe4 19. Bxe4 Nf8 20. Bd5 Bd6 21. Re1 Bb7 22. Qc3 Ne6 23. Qf3 Bxd5 24. cxd5 Nc5 25. Nd4 Qd7 26. Nf5 Rxe1+ 27. Rxe1 Bf8 28. h4 Re8 29. Rd1 Ne4 30. Qg4 Kh7 31. Bxg7 Nd6 32. Bxf8 Qxf5 33. Qg7# 1-0


[Site "https://www.chess.com"]

[Event "Titled Tuesday Blitz October 11 Early 2022"]
[White "Podetti, Davide"]
[Black "Turutin, Alexander"]
[WhiteFideId "893617"]
[BlackFideId "4180623"]
[WhiteElo "2160"]
[BlackElo "2402"]
[Result "0-1"]
[Round "07"]
[TimeControl "180+1"]
[Date "2022.10.12"]
[WhiteClock "0:00:16"]
[BlackClock "0:00:37"]

1. e4 c6 2. d4 d5 3. exd5 cxd5 4. Bd3 Nc6 5. c3 Qc7 6. Na3 a6 7. Nc2 Nf6 8. Ne2 Bg4 9. O-O e6 10. Bf4 Qxf4 11. Nxf4 Bxd1 12. Raxd1 Bd6 13. Ne2 O-O 14. Rfe1 b5 15. Ne3 Rfc8 16. f4 g6 17. g4 Re8 18. Kg2 Na5 19. Kf3 Nc4 20. Bxc4 bxc4 21. b3 cxb3 22. axb3 a5 23. c4 Bb4 24. Rg1 Rad8 25. c5 Ne4 26. Nc2 Rb8 27. Ke3 f6 28. g5 e5 29. gxf6 exd4+ 30. Kxd4 Bxc5+ 31. Kxd5 Bxg1 32. Nxg1 Rbd8+ 0-1


[Site "https://www.chess.com"]